 Dungeon Crawl Stone Soup version 0.21.1-1-g345015fe64 (webtiles) character file.

919 Naow the Chopper (level 8, 0/58 HPs)
             Began as a Formicid Fighter on June 11, 2018.
             Was a Follower of Okawaru.
             Succumbed to Mesmodan's ghost's poison
             ... on level 3 of the Dungeon.
             The game lasted 00:09:44 (3924 turns).

Naow the Chopper (Formicid Fighter)                 Turns: 3924, Time: 00:09:44

Health: 0/58       AC: 13    Str: 23    XL:     8   Next: 31%
Magic:  12/12      EV:  9    Int:  8    God:    Okawaru [*.....]
Gold:   207        SH: 12    Dex: 10    Spells: 7/7 levels left

rFire    . . .     SeeInvis +   g - +1 mace of Light {crush, rN+}
rCold    . . .     Gourm    .   c - +0 shield
rNeg     + . .     Faith    .   m - +0 plate armour
rPois    .         Spirit   .   (helmet unavailable)
rElec    .         Reflect  .   (no cloak)
rCorr    +         Harm     .   (no gloves)
MR       .....                  (no boots)
Stlth    ..........             (no amulet)
HPRegen  0.19/turn              e - ring of resist corrosion
MPRegen  0.13/turn              j - ring of resist corrosion

@: lethally poisoned (0 -> -20), heroism
A: permanent stasis, dig shafts and tunnels, four strong arms, antennae 3
a: Dig, Shaft Self, Heroism, Renounce Religion


You were on level 3 of the Dungeon.
You worshipped Okawaru.
Okawaru was aware of your devotion.
You were not hungry.

You visited 2 branches of the dungeon, and saw 6 of its levels.

You collected 207 gold pieces.

Inventory:

Hand Weapons
 a - a +0 war axe
 g - the +1 mace of Light (weapon) {crush, rN+}
   (You took it off an orc on level 5 of the Dungeon)

   It inflicts extra damage upon your enemies.
   It protects you from negative energy.
Armour
 b - a +0 scale mail
 c - a +0 shield (worn)
 m - a +0 plate armour (worn)
Jewellery
 e - a ring of resist corrosion (left hand)
 j - a ring of resist corrosion (right hand)
Scrolls
 l - a scroll of remove curse
 p - 2 scrolls of teleportation
 r - 3 scrolls of identify
Potions
 d - 2 potions of might
Comestibles
 f - 6 rations


   Skills:
 - Level 3.2(8.2) Fighting
 - Level 6.2(11.2) Axes
 - Level 3.2(8.2) Armour
 - Level 6.1(11.1) Shields
 + Level 6.2 Invocations


You had 7 spell levels left.
You didn't know any spells.

Dungeon Overview and Level Annotations

Branches:
Dungeon (5/15)             Temple (1/1) D:4

Altars:
Ashenzari
Cheibriados
Dithmenos
Elyvilon
Fedhas
Gozag
Kikubaaqudgha
Makhleb
Nemelex Xobeh
Okawaru
Qazlal
Ru
Sif Muna
Trog
Xom
Yredelemnul
Zin

Annotations:
D:4 Dowan; Duvessa; Mesmodan's ghost, novice SpEn
D:5 Chudej's ghost, novice DECj


Innate Abilities, Weirdness & Mutations

You cannot be hasted, slowed, berserked, paralysed or teleported.
You can dig through walls and to a lower floor.
Your four strong arms can wield two-handed weapons with a shield.
You have a pair of large antennae on your head. (SInv)


Message History

It is a scroll of identify.
p - 2 scrolls of teleportation
* * * LOW HITPOINT WARNING * * *
You feel very sick.
As you read the scroll labeled TAX NIROXONG, it crumbles to dust.
Your stasis prevents you from teleporting.
It was a scroll of blinking.
* * * LOW HITPOINT WARNING * * *
You feel sick.
As you read the scroll labeled HINLENUIHE, it crumbles to dust.
You feel blessed for a moment.
It was a scroll of remove curse.
* * * LOW HITPOINT WARNING * * *
You feel very sick.
Okay, then.
You eat one of the 7 rations.
That ration really hit the spot!
* * * LOW HITPOINT WARNING * * *
You feel sick.
* * * LOW HITPOINT WARNING * * *
You feel sick.
You die...

# #######.##..# #.# # #.##..#
#.# # #.##..# #.# #
#..#..########.# ### ###
##.#..#........# ..###_##
#....#.############
####...#######.[.#.#...#......#
#.........##...>.#.#.#.#.####.#
..##...##..#####@#.#.#.#.#.<#.#
.###_._###.._# #.#.#.#.#....#.#
..#######..###
#.#.#.#.######.## #.........##
#.#.#.#.........# #####.#####
#.#.#.########### #.# #'#...#
#.#.#...####### #.# #.....#
#.#.#.........# #.# #.....#
#.#.#.#.#####.# #.# #.....#
#.#.#.#.# #.#


There were no monsters in sight!

Vanquished Creatures
  Menkaure (D:5)
  2 ogres
  Blork the orc (D:5)
  8 orc wizards
  4 orc priests
  2 worker ants (D:5)
  3 gnolls (D:5)
  3 adders
  A worm (D:2)
  4 dart slugs
  A leopard gecko (D:3)
  21 orcs
  A ball python (D:3)
  12 bats
  8 goblins
  9 hobgoblins
  3 jackals (D:2)
  4 quokkas
  5 frilled lizards
  8 kobolds
  A leopard gecko skeleton (D:4)
  A quokka skeleton (D:4)
  2 rats
105 creatures vanquished.

Vanquished Creatures (others)
  A bat (D:1)
1 creature vanquished.

Grand Total: 106 creatures vanquished

Notes
Turn   | Place    | Note
-------+----------+-------------------------------------------
     0 | D:1      | Naow the Formicid Fighter began the quest for the Orb.
     0 | D:1      | Reached XP level 1. HP: 18/18 MP: 1/1
   140 | D:1      | Reached XP level 2. HP: 19/24 MP: 2/2
   307 | D:1      | Reached XP level 3. HP: 29/29 MP: 3/3
   677 | D:2      | Reached XP level 4. HP: 32/35 MP: 4/4
   905 | D:3      | Found a shadowy altar of Dithmenos.
  1240 | D:3      | Reached XP level 5. HP: 22/41 MP: 5/5
  1246 | D:3      | Reached skill level 5 in Shields
  1896 | D:3      | Found a white marble altar of Elyvilon.
  1896 | D:3      | Found a sparkling altar of Nemelex Xobeh.
  1901 | D:3      | Found a faded altar of an unknown god.
  1903 | D:3      | Found a deep blue altar of Sif Muna.
  1904 | D:3      | Found a burning altar of Makhleb.
  2013 | D:4      | Noticed Duvessa
  2013 | D:4      | Noticed Dowan
  2017 | D:4      | Noticed an ogre
  2068 | D:4      | Reached XP level 6. HP: 26/47 MP: 6/6
  2082 | D:3      | Reached skill level 5 in Axes
  2484 | D:4      | Found a basalt altar of Yredelemnul.
  2484 | D:4      | Found a shadowy altar of Dithmenos.
  2484 | D:4      | Found a shimmering altar of Xom.
  2484 | D:4      | Found a blossoming altar of Fedhas.
  2484 | D:4      | Found a snail-covered altar of Cheibriados.
  2484 | D:4      | Found a blossoming altar of Fedhas.
  2484 | D:4      | Found a shattered altar of Ashenzari.
  2484 | D:4      | Found a glowing silver altar of Zin.
  2484 | D:4      | Found a burning altar of Makhleb.
  2484 | D:4      | Found a shadowy altar of Dithmenos.
  2490 | D:4      | Found a sacrificial altar of Ru.
  2491 | D:4      | Found a sacrificial altar of Ru.
  2493 | D:4      | Found a staircase to the Ecumenical Temple.
  2531 | D:4      | Noticed Mesmodan's ghost (novice SpEn)
  2567 | Temple   | Entered the Ecumenical Temple
  2602 | Temple   | Became a worshipper of Warmaster Okawaru
  2618 | D:4      | Killed an ogre
  2618 | D:4      | Reached XP level 7. HP: 19/52 MP: 7/7
  3266 | D:5      | Entered Level 5 of the Dungeon
  3396 | D:5      | Reached skill level 1 in Invocations
  3424 | D:5      | Got an iridescent mace {crush}
  3425 | D:5      | Identified the +1 mace of Light {crush, rN+} (You took it off an orc on level 5 of the Dungeon)
  3451 | D:5      | Noticed Menkaure
  3457 | D:5      | Killed Menkaure
  3457 | D:5      | Reached * piety under Okawaru
  3732 | D:5      | Noticed Blork the orc
  3743 | D:5      | Killed Blork the orc
  3743 | D:5      | Reached skill level 5 in Invocations
  3743 | D:5      | Reached XP level 8. HP: 46/58 MP: 9/11
  3782 | D:5      | Noticed Chudej's ghost (novice DECj)
  3923 | D:3      | HP: 2/58 [poisoned by Mesmodan's ghost]
  3924 | D:3      | Succumbed to Mesmodan's ghost's poison

Skill      XL: |  1  2  3  4  5  6  7  8 |
---------------+-------------------------+-----
Shields        | 4 5 6 |  6.1
Axes           | 3 4 5 6 |  6.2
Invocations    | 5 6 |  6.2
Fighting       | |  3.2
Armour         | |  3.2

Action                   |  1- 3 |  4- 6 |  7- 9 || total
-------------------------+-------+-------+-------++-------
Melee: War axe           |    96 |   167 |    97 ||   360
       Mace              |       |       |    66 ||    66
Invok: Heroism           |       |       |     2 ||     2
  Use: Potion            |       |     1 |     4 ||     5
       Scroll            |       |       |     4 ||     4
  Eat: Chunk             |       |     3 |     3 ||     6
       Ration            |       |     1 |     1 ||     2
Armor: Scale mail        |    70 |       |       ||    70
       Plate armour      |     2 |   125 |    87 ||   214
Dodge: Dodged            |    56 |    43 |    36 ||   135
Block: Shield            |    76 |    96 |    80 ||   252
